 Dungeon Crawl Stone Soup version 0.31.0-32-g396128a36d (webtiles) character file.

Game seed: 17304783546119650945

2634 Alphaeus the Grappler (level 9, -1/85 HPs)
             Began as a Troll Shapeshifter on Mar 19, 2024.
             Was a Believer of Qazlal.
             Slain by an orc
             ... wielding a +0 trident
              (6 damage)
             ... on level 7 of the Dungeon.
             The game lasted 00:06:18 (4468 turns).

Alphaeus the Grappler (Troll Shapeshifter)          Turns: 4468, Time: 00:06:18

Health: -1/85      AC:  4    Str: 28    XL:     9   Next: 35%
Magic:  8/8        EV: 10    Int:  6    God:    Qazlal [**....]
Gold:   179        SH:  3    Dex: 15    Spells: 8/8 levels left

rFire   . .          .
                       - Unarmed
rCold   . . .        (no shield)
rNeg    . . .        a - +0 animal skin
rPois   .            (helmet currently unavailable)
rElec   .            (cloak currently unavailable)
rCorr   .            (gloves unavailable)
SInv    .            (boots unavailable)
Will    .....        j - amulet of regeneration
Stlth   +            g - +6 ring of dexterity
HPRegen 1.94/turn    (no ring)
MPRegen 0.11/turn

%: no passive effects
@: beast-form
A: beast (slay +4), large, unfitting armour, claws 3, regeneration 1, shaggy fur
1, tough skin 1
a: Begin Untransformation, Renounce Religion, Upheaval


You were on level 7 of the Dungeon.
You worshipped Qazlal.
Qazlal was pleased with you.
You were a hulking beast.
You visited 1 branch of the dungeon, and saw 7 of its levels.

You collected 328 gold pieces.
You spent 149 gold pieces at shops.

Inventory:

Armour
 a - a +0 animal skin (worn)
 p - the +0 robe "Qean Dibuh" {^Drain rPois rC+ Regen+}
   (You took it off a hobgoblin on level 3 of the Dungeon)

   rC+:       It protects you from cold.
   rPois:     It protects you from poison Regen+: It increases your rate of
   health regeneration.
   ^Drain:    It drains your maximum health when unequipped.
Jewellery
 g - a +6 ring of dexterity (left claw)
 j - an amulet of regeneration (around neck)
 x - a +6 ring of strength
Talismans
 c - a beast talisman
 q - a maw talisman
 r - a blade talisman
Wands
 n - a wand of paralysis (11)
Scrolls
 d - 5 scrolls of identify
 f - 4 scrolls of teleportation {unknown}
 h - 2 scrolls of immolation {unknown}
 i - a scroll of fear {unknown}
 s - a scroll of torment {unknown}
 t - a scroll of enchant weapon {unknown}
 u - a scroll of vulnerability {unknown}
 v - 2 scrolls of noise {unknown}
Potions
 b - a potion of lignification
 e - 2 potions of enlightenment {unknown}
 k - a potion of magic {unknown}
 l - 2 potions of cancellation {unknown}
 m - 3 potions of curing
 o - 2 potions of brilliance {unknown}
 w - 3 potions of attraction {unknown}
 A - a potion of haste {unknown}


   Skills:
 + Level 4.7 Fighting
 - Level 1.5 Dodging
 * Level 8.7 Unarmed Combat
 * Level 8.0 Shapeshifting


You had 8 spell levels left.
You didn't know any spells.
Your spell library contained the following spells:

 Spells                   Type           Power      Damage    Failure   Level
 Apportation              Tloc           0%         N/A       45%         1
 Magic Dart               Conj           0%         1d3       45%         1
 Necrotise                Necr           0%         1d4       45%         1
 Sting                    Conj/Alch      0%         1d3       45%         1
 Summon Small Mammal      Summ           0%         N/A       45%         1
 Blink                    Tloc           0%         N/A       58%         2
 Call Imp                 Summ           0%         N/A       58%         2
 Jinxbite                 Hex            0%         N/A       58%         2
 Fugue of the Fallen      Necr           0%         N/A       83%         3
 Ozocubu's Armour         Ice            0%         N/A       83%         3
 Manifold Assault         Tloc           0%         N/A       99%         4
 Alistair's Intoxication  Alch           0%         N/A       100%        5


Dungeon Overview and Level Annotations

Branches:
Dungeon (7/15)
 Temple: D:4-7

Altars:
Elyvilon
Qazlal
Vehumet
Wu Jian
Yredelemnul

Shops:
D:5 =((!?   D:6 (!(!

Annotations:
D:6 3 runed translucent doors, seawaffle's ghost, novice GrFi


Innate Abilities, Weirdness & Mutations

You are a hulking beast.
Your limbs bulge with bestial killing power. (Slay +4)
You are too large for most types of armour.
You have claws for hands.
Your natural rate of healing is unusually fast.
You are covered in fur. (AC +1)
You have tough skin. (AC +1)


Message History

Qazlal accepts your kill. The bullfrog closely misses you.
The bullfrog hits you.
* * * LOW HITPOINT WARNING * * *
The orc priest invokes the aid of Beogh against you.
Pain shoots through your body!
* * * LOW HITPOINT WARNING * * *
The orc hits you from afar with a +0 trident.
* * * LOW HITPOINT WARNING * * *
The orc attacks as it pursues you! The orc misses you.
You barely miss the bullfrog. The bullfrog closely misses you. x2
You barely miss the bullfrog. The orc misses you. The bullfrog hits you.
* * * LOW HITPOINT WARNING * * *
You barely miss the bullfrog.
The orc hits you from afar with a +0 trident!
* * * LOW HITPOINT WARNING * * *
The bullfrog hits you but does no damage.
You miss the bullfrog. The bullfrog barely misses you.
The orc hits you from afar with a +0 trident.
* * * LOW HITPOINT WARNING * * *
You barely miss the bullfrog. The bullfrog misses you.
The orc closely misses you. The bullfrog closely misses you.
You barely miss the bullfrog. Your claw misses the bullfrog.
The bullfrog hits you.
* * * LOW HITPOINT WARNING * * *
You block the orc's attack.
You closely miss the bullfrog.
The bullfrog hits you but does no damage.
You block the orc's attack.
You closely miss the bullfrog. Your claw misses the bullfrog.
The bullfrog hits you.
* * * LOW HITPOINT WARNING * * *
The bullfrog hits you.
* * * LOW HITPOINT WARNING * * *
You scratch the bullfrog.
The bullfrog is moderately wounded.
The orc priest mumbles some strange prayers to Beogh against you.
Beogh smites you!
* * * LOW HITPOINT WARNING * * *
The orc hits you from afar with a +0 trident.
You die...

#.....#
+.....# .
.....# ..
#....# ...
##....##...
+.o.o......
#......##o$o†#
#......####F##
#......#..h..#
#......+.○...#
.....#.....##
#...##.....#
##...##.....#
#...........#
#....#####'##
#..<.##.)..##
#....#......#


You could see a bullfrog, an orc priest and an orc.

Vanquished Creatures
  Pikel (D:4)
  Menkaure (D:5)
  2 orc warriors
  3 ice beasts
  3 ogres
  2 centaurs (D:6)
  4 scorpions
  Crazy Yiuf (D:4)
  A bombardier beetle (D:6)
  3 hounds
  4 orc priests
  2 jellies
  A gnoll bouda (D:6)
  Jessica (D:2)
  6 iguanas
  A sleepcap (D:6)
  Natasha (twice) (D:4)
  3 orc wizards
  A hound zombie (D:3)
  A hound skeleton (D:3)
  8 gnolls
  2 adders
  A white imp (D:6)
  3 adder skeletons (D:3)
  An adder zombie (D:3)
  4 ribbon worms
  3 dart slugs
  16 orcs
  10 endoplasms
  9 giant cockroaches
  3 goblins
  8 hobgoblins
  5 quokkas
  9 ball pythons
  5 bats
  A frilled lizard (D:1)
  6 kobolds
  5 rats
142 creatures vanquished.

Vanquished Creatures (others)
  An orc wizard (D:6)
1 creature vanquished.

Grand Total: 143 creatures vanquished

Notes
Turn   | Place    | Note
-------+----------+-------------------------------------------
     0 | D:1      | Alphaeus the Troll Shapeshifter began the quest for the
                  | Orb.
     0 | D:1      | Reached XP level 1. HP: 18/18 MP: 0/0
    98 | D:1      | Reached skill level 1 in Fighting
   101 | D:1      | Reached XP level 2. HP: 26/27 MP: 1/1
   520 | D:1      | Reached XP level 3. HP: 33/33 MP: 2/2
   745 | D:2      | Noticed Jessica
   764 | D:2      | Killed Jessica
   778 | D:2      | Found an ornate altar of the Wu Jian Council.
   799 | D:2      | Reached XP level 4. HP: 41/41 MP: 3/3
  1266 | D:3      | Found a stormy altar of Qazlal.
  1274 | D:3      | Became a worshipper of Qazlal Stormbringer
  1458 | D:3      | Identified the +0 robe "Qean Dibuh" {^Drain rPois rC+
                  | Regen+}
  1471 | D:3      | Reached XP level 5. HP: 49/49 MP: 4/4
  2291 | D:4      | Found a basalt altar of Yredelemnul.
  2380 | D:4      | Noticed a lemure
  2381 | D:4      | Noticed a lemure
  2381 | D:4      | Noticed Pikel
  2384 | D:4      | Noticed a lemure
  2389 | D:4      | Killed Pikel
  2390 | D:4      | Reached skill level 5 in Shapeshifting
  2390 | D:4      | Reached XP level 6. HP: 50/61 MP: 5/5
  2390 | D:4      | Reached XP level 7. HP: 55/67 MP: 6/6
  2407 | D:4      | Noticed Natasha
  2411 | D:4      | Killed Natasha
  2629 | D:4      | Identified the +5 long sword "Ivitwoy" {freeze, rF- rN+++
                  | Str-5 Int+3}
  2640 | D:4      | Reached * piety under Qazlal
  2764 | D:4      | Noticed Natasha
  2769 | D:4      | Killed Natasha
  2770 | D:4      | Reached XP level 8. HP: 75/75 MP: 7/7
  2861 | D:4      | Found a white marble altar of Elyvilon.
  2934 | D:4      | Found a runed translucent door.
  2935 | D:4      | Noticed Crazy Yiuf
  2945 | D:4      | Killed Crazy Yiuf
  2999 | D:5      | Entered Level 5 of the Dungeon
  3022 | D:5      | Found Uxougef's Antique Weapon Shop.
  3047 | D:5      | Found Upuari's Jewellery Boutique.
  3156 | D:5      | Noticed Menkaure
  3162 | D:5      | Killed Menkaure
  3278 | D:5      | Found Hyerghio's Distillery.
  3286 | D:5      | Bought a potion of curing for 42 gold pieces
  3286 | D:5      | Bought a potion of degeneration for 14 gold pieces
  3329 | D:5      | Found Akinwoucw's Magic Scroll Boutique.
  3333 | D:5      | Found a radiant altar of Vehumet.
  3343 | D:5      | Bought a scroll of identify for 28 gold pieces
  3590 | D:5      | Found Puraneet's Antique Weapon Shop.
  3689 | D:6      | Found Icazoczu's Distillery.
  3716 | D:6      | Found Saceisin's Antique Weapon Shoppe.
  3757 | D:6      | Found Bobunuph's Weapon Shoppe.
  3816 | D:6      | Reached XP level 9. HP: 84/84 MP: 8/8
  3819 | D:6      | Found Ohiozok's Distillery.
  3831 | D:6      | Bought a potion of heal wounds for 65 gold pieces
  3849 | D:6      | Reached ** piety under Qazlal
  4158 | D:6      | Found a runed translucent gate.
  4159 | D:6      | Found a runed translucent gate.
  4159 | D:6      | Found a runed translucent gate.
  4159 | D:6      | Noticed seawaffle's ghost (novice GrFi)
  4468 | D:7      | Slain by an orc

Illustrated notes

Levels and vault maps discovered:
D:1:      giann_wishing_wells, layout_basic
D:2:      layout_basic, basic_altar, uniq_jessica
D:3:      layout_loops_corners, nicolae_qazlal_scattered_showers, serial_undead,
          serial_undead_d, serial_undead_f, serial_undead_b, serial_undead_d
D:4:      layout_loops_ring, kennysheep_ying_yang, uniq_natasha, uniq_pikel,
          uniq_crazy_yiuf_cottage
D:5:      layout_basic, overflow_temple_1_default, serial_shops, shop, shop,
          nicolae_take_the_stairs, nicolae_shop_just_a_little_nook,
          nicolae_shop_trees, serial_corexii_hall, corexii_hall_statues_l,
          corexii_hall_statues_t, corexii_hall_statues_x,
          corexii_hall_statues_i, dk_rats_in_the_wall, uniq_menkaure
D:6:      nicolae_whirlpool, layout_gridville, serial_shops, shop, shop, shop,
          nicolae_shop_stone, ebering_ghost_rock_garden
D:7:      layout_gridville, mainiacjoe_overflow_alcove_4,
          minmay_temple_entry_stoned_glass, kennysheep_small_spiral,
          solitary_fountain

Skill      XL: |  1  2  3  4  5  6  7  8  9 |
---------------+----------------------------+-----
Fighting       | 1 3 4 |  4.7
Unarmed Combat | 4 6 8 |  8.7
Shapeshifting  | 4 5 6 7 8 |  8.0
Dodging        | |  1.5

Action                     |  1- 3 |  4- 6 |  7- 9 || total
---------------------------+-------+-------+-------++-------
  Melee: Unarmed           |    82 |    95 |   184 ||   361
         Punch             |     2 |     3 |     4 ||     9
  Evoke: Wand              |       |       |     1 ||     1
    Use: Potion            |       |       |     2 ||     2
   Stab: Sleeping          |     1 |       |       ||     1
 Armour: Animal skin       |    47 |    59 |   135 ||   241
  Dodge: Dodged            |    29 |    58 |    89 ||   176
  Block: Other             |       |       |    15 ||    15
